[Event "SRB-ch Women Semifinal 2019"]
[Site "Kragujevac"]
[Date "2019.03.11"]
[Round "6.2"]
[White "Grozdanovic, Anastasia"]
[Black "Vujcic, Milena"]
[Result "0-1"]
[ECO "A01"]
[WhiteElo "1635"]
[BlackElo "1958"]
[Annotator "NA RC"]
[PlyCount "78"]
[EventDate "2019.03.08"]
[EventType "swiss"]
[EventCountry "SRB"]
[SourceTitle "playchess.com"]
[Source "ChessBase"]
[SourceQuality "1"]
[TimeControl "40/5400+30:1800+30"]

1. b3 d5 2. Bb2 c5 3. e3 Nc6 4. Bb5 Nf6 5. Nf3 g6 {[%emt 0:01:24] A06: Réti Opening:1 Nf3 d5} (5... Bd7 6. c4 a6 7. Bxc6 Bxc6 8. Ne5 Rc8 9. O-O e6 10. d3 Be7 11. Nd2 O-O 12. f4 Nd7 13. Nxc6 Rxc6 {1-0 (33) Karjakin,S (2773)-Duda,J (2737) chess.com INT 2018}) 6. O-O Bg7 7. d4 cxd4 8. Nxd4 $146 ({Predecessor:} 8. Qxd4 O-O 9. Qh4 Qd7 10. c4 a6 11. Bxc6 bxc6 12. h3 h6 13. cxd5 cxd5 14. Nbd2 g5 15. Qd4 Qd6 16. Rac1 Bd7 17. Rfd1 Rac8 18. Qa7 {½-½ (18) Pivirotto,F (1866)-Graziani,M (2240) ICCF email 2009}) 8... Qc7 9. Nxc6 $2 (9. Nf3 $11 {and White is okay.}) 9... bxc6 10. Be2 O-O 11. Nd2 e5 (11... Ng4 $5 12. Bxg4 Bxb2 $15) 12. Nf3 (12. c4 $11) 12... Re8 (12... Ng4 $15 13. g3 (13. h3 $2 e4 $19 {[%mdl 64] Discovered Attack}) 13... e4 14. Bxg7 Kxg7 15. Qd4+ Nf6) 13. c4 Bb7 14. Qc2 Qd6 15. Rfd1 Nd7 16. Rac1 Rac8 17. c5 Qc7 18. b4 a5 19. a3 Nb8 20. Bc3 axb4 21. axb4 Rcd8 $14 ({Black should play} 21... Qe7 $11) 22. Qb2 Qe7 23. Rc2 g5 24. Rcd2 g4 25. Ne1 d4 26. exd4 exd4 27. Bxd4 Bxd4 28. Rxd4 Rxd4 29. Rxd4 Qxe2 30. Qxe2 Rxe2 31. Rd8+ Kg7 32. Kf1 Ba6 33. Nd3 Bxd3 34. Rxd3 Rb2 35. Rd4 h5 36. h3 gxh3 37. gxh3 Na6 38. Kg2 Rxb4 39. Rd6 Nb8 0-1

[Event "SRB-ch Women Semifinal 2019"]
[Site "Kragujevac"]
[Date "2019.03.12"]
[Round "7.2"]
[White "Vujcic, Milena"]
[Black "Nestorovic, Katarina"]
[Result "1/2-1/2"]
[ECO "B40"]
[WhiteElo "1958"]
[BlackElo "2040"]
[Annotator "NA RC"]
[PlyCount "31"]
[EventDate "2019.03.08"]
[EventType "swiss"]
[EventCountry "SRB"]
[SourceTitle "playchess.com"]
[Source "ChessBase"]
[SourceQuality "1"]
[TimeControl "40/5400+30:1800+30"]

1. e4 c5 2. Nf3 e6 3. d4 cxd4 4. Nxd4 d6 5. Nc3 a6 6. a4 Nc6 7. Be3 Nf6 8. Be2 Be7 9. O-O O-O 10. Kh1 Qc7 11. f4 Nxd4 12. Qxd4 e5 13. Qd2 Bd7 14. Nd5 Nxd5 15. exd5 b5 $16 (15... exf4 $11 16. Rxf4 (16. Bxf4 Bf5 $14) 16... Rae8) 16. axb5 1/2-1/2

[Event "SRB-ch Women Semifinal 2019"]
[Site "Kragujevac"]
[Date "2019.03.14"]
[Round "9.4"]
[White "Drljevic, Ljilja"]
[Black "Grozdanovic, Anastasia"]
[Result "1-0"]
[ECO "A00"]
[WhiteElo "2188"]
[BlackElo "1635"]
[Annotator "NA"]
[PlyCount "55"]
[EventDate "2019.03.08"]
[EventType "swiss"]
[EventCountry "SRB"]
[SourceTitle "playchess.com"]
[Source "ChessBase"]
[SourceQuality "1"]
[TimeControl "40/5400+30:1800+30"]

1. b4 d5 2. Bb2 Bf5 3. Nf3 e6 4. a3 Nf6 5. g3 c6 6. Bg2 Be7 7. O-O O-O 8. d3 Nbd7 9. Nbd2 Qc7 10. Nh4 Bg6 11. e4 dxe4 12. Nxg6 hxg6 13. dxe4 Kh7 14. Qe2 Rh8 15. e5 Nd5 16. c4 N5b6 $16 17. f4 Kg8 18. Ne4 a5 19. Nd6 Na4 20. Rad1 Nxb2 21. Qxb2 Bxd6 22. Rxd6 Nb6 23. Qd4 axb4 24. axb4 Ra4 25. f5 Rh6 26. fxe6 fxe6 27. Rd8+ Kh7 28. Rff8 1-0